[Event "1st Bangalore GM-Open-A 2024"]
[Site "Bangalore"]
[Date "2024.01.18"]
[Round "1.10"]
[White "Prudhvi Kumar V"]
[Black "Das, Sayantan"]
[Result "1/2-1/2"]
[ECO "A90"]
[WhiteElo "2123"]
[BlackElo "2514"]
[Annotator "TA"]
[PlyCount "149"]
[EventDate "2024.01.20"]
[EventType "swiss"]
[EventCountry "IND"]
[SourceTitle "playchess.com"]
[Source "ChessBase"]
[SourceQuality "1"]
[TimeControl "5400+30"]

1. d4 d5 2. c4 e6 3. Nf3 c6 4. Nbd2 f5 5. g3 Bd6 6. Bg2 Nd7 7. Qc2 Ngf6 8. O-O O-O 9. b3 Qe7 10. Bb2 b6 11. Ne5 Bb7 12. cxd5 {[%emt 0:09:24] A90: Dutch Defence: Miscellaneous and Modern Stonewall (with ...Bd6).} cxd5 13. Rfc1 {[%emt 0:07:53] [#]} Ne4 $146 ({Predecessor:} 13... Rac8 14. Qd1 Ne4 15. Nd3 Qg5 16. Nf3 Qh6 17. Rxc8 Rxc8 18. Rc1 Rxc1 19. Bxc1 Qf6 {1-0 Leitner,G (2194)-Kuess,M (2058) AUT-chT 1314 2013 (5.1)}) 14. Ndf3 Ndf6 15. Nd3 (15. Nd2 $11) 15... Ng4 16. h3 {[%emt 0:10:55] [#]} Ngxf2 17. Nxf2 Bxg3 18. Nd3 (18. Rf1 $15) 18... Rac8 (18... g5 $1 $17 {[%cal Rg5g4] Threatens to win with ...g4.} 19. Nde5 g4) 19. Qd1 $1 $11 g5 {[%emt 0:00:08] Hoping for ...g4.} 20. a4 $2 (20. Rxc8 $1 $11 {and White stays safe.} Rxc8 21. Nfe5) 20... Rxc1 ({Black should try} 20... g4 $19 {aiming for ...Ba6.} 21. a5 gxf3 22. exf3 Nd6) 21. Bxc1 $15 g4 22. Bf4 gxf3 23. exf3 {[%emt 0:00:33] [#]} Qh4 $1 $36 {[%emt 0:01:03][%mdl 2048] Black is more active.} 24. Bxg3 Nxg3 25. Ne5 $2 (25. Qe1 $1 $15) 25... Qxd4+ {[%emt 0:03:27][%mdl 64] Decoy} 26. Qxd4 Ne2+ 27. Kf2 Nxd4 28. Rb1 f4 29. Bf1 Nc6 30. Nxc6 Bxc6 $19 {[%emt 0:00:02][%mdl 4096] Endgame KRB-KRB} 31. Rc1 Bb7 32. Bd3 Rc8 {[%emt 0:00:17] Repels b4} 33. Rg1+ Kh8 34. Rg4 Rc3 35. Ke2 e5 (35... Rxb3 $2 {is the wrong capture.} 36. Rxf4 Kg7 37. Bb5) 36. Rg5 e4 ({Stronger than} 36... Rxb3 37. Rxe5 Bc6 38. Re7) 37. fxe4 dxe4 ({Better is} 37... Rxb3 $19 38. exd5 f3+ 39. Kd2 f2) 38. Bc4 $11 Rg3 (38... Rxh3 $2 39. Rg8#) 39. Rf5 f3+ 40. Ke3 {[%emt 0:02:23] [#]} (40. Kf2 $1 $11 {was the only way to keep the balance.} Rg2+ 41. Ke3) 40... h6 (40... Rxh3 $2 41. Rf8+ Kg7 42. Rf7+ Kg6 43. Rxb7 $18) ({Black should play} 40... f2+ $1 $17 41. Kxf2 Rf3+ 42. Rxf3 exf3) 41. Rf6 (41. a5 $11 {remains equal.}) 41... Kh7 (41... Rxh3 $2 42. Rf8+ Kh7 43. Rf7+ Kg6 44. Rxb7 $18) 42. h4 Rg6 (42... f2+ $17 43. Kxf2 Rf3+ 44. Rxf3 exf3) 43. Rf8 Rg7 44. Bf7 {[%emt 0:00:11] [#]} (44. h5 $15) 44... Rg3 (44... h5 $1 $19 45. Bc4 Kg6) 45. Be6 $15 {[%emt 0:00:49] [#]} f2+ $1 46. Kxf2 Rf3+ 47. Rxf3 exf3 {[%emt 0:00:10] KB-KB} 48. Bg4 Kg6 (48... Be4 $15) 49. Bxf3 $11 {[%emt 0:00:01] The position is equal.} Bc8 50. b4 a5 51. bxa5 bxa5 52. Bc6 Kf5 53. Kf3 $1 Ke5 54. Ke3 Bg4 55. Be8 Bd1 56. Kd2 Bb3 57. Ke3 Be6 58. Bb5 Bc8 59. Be8 Ba6 60. Bd7 Kd6 61. Be8 Kc5 62. Kf4 Kb4 63. Kf5 {[%emt 0:00:12] And now Kg6 would win.} Bd3+ 64. Kg4 {[%emt 0:00:10] Kh5 is the strong threat.} Be2+ 65. Kf5 $1 Bd1 66. Kg6 Bxa4 67. Bxa4 Kxa4 68. Kxh6 {[%emt 0:00:07] White wants to mate with Kg5. KP-KP} Kb5 69. h5 {[%emt 0:00:07] Threatening mate with Kg6.} a4 70. Kg7 a3 {[%emt 0:00:15] ( -> ...a2)} 71. h6 a2 72. h7 a1=Q+ 73. Kg8 Kc6 74. h8=Q Qxh8+ 75. Kxh8 {[%emt 0:00:02] Black had all chances to win.   Weighted Error Value: White=0.33/Black=0.33} 1/2-1/2

[Event "1st Bangalore GM-Open-A 2024"]
[Site "Bangalore"]
[Date "2024.01.18"]
[Round "1.11"]
[White "Pranav Anand"]
[Black "Sudarshan Bhat"]
[Result "1-0"]
[ECO "B30"]
[WhiteElo "2513"]
[BlackElo "2120"]
[Annotator "TA"]
[PlyCount "151"]
[EventDate "2024.01.20"]
[EventType "swiss"]
[EventCountry "IND"]
[SourceTitle "playchess.com"]
[Source "ChessBase"]
[SourceQuality "1"]
[TimeControl "5400+30"]

1. e4 c5 2. Nf3 Nc6 3. Bb5 e5 4. O-O Bd6 5. c3 a6 6. Ba4 {[%emt 0:00:05] B30: Sicilian: 2...Nc6 3 Bb5, lines without ...g6.} b5 7. Bb3 Nge7 8. d3 {[%emt 0:00:26] White is slightly better.} O-O 9. Be3 {[%emt 0:00:11] [#]} Ng6 $146 ({Predecessor:} 9... Bb7 10. Nbd2 Na5 11. Bc2 Ng6 12. d4 cxd4 13. cxd4 Rc8 14. Rc1 Bb8 15. d5 Nc4 16. Nxc4 Rxc4 {½-½ Muzychuk,M (2529)-Harika,D (2505) Beijing Sportaccord blitz (Women) 2014 (3)}) 10. Nbd2 h6 11. Re1 Re8 12. a4 Rb8 13. Bd5 Qc7 14. axb5 axb5 15. h4 (15. Nh4 $1 $16 Nce7 16. Nxg6 Nxd5 17. exd5 fxg6 18. Ne4) 15... Be7 16. Qb3 Nd8 17. h5 Nf8 18. Ra2 d6 19. Rea1 Nfe6 20. Nf1 (20. Ra7 $14 Qb6 21. R1a5) 20... Qb6 $11 21. Bd2 Nc7 22. Ne3 Be6 23. c4 b4 24. Qa4 Kf8 25. g4 Bg5 (25... Bc8 $14) 26. Nxg5 $18 hxg5 27. Qd1 $1 Bc8 $2 (27... Kg8 $16 {is a better defense.} 28. Ra7 Nc6 29. Bxc6 Qxc6) 28. Nf5 $2 (28. Qf3 $18 {and the rest is easy.}) 28... Bxf5 (28... Nxd5 $16 29. cxd5 Bxf5) 29. gxf5 (29. exf5 Nxd5 30. cxd5 f6 $11) 29... Nxd5 30. Ra6 (30. exd5 f6 $14) (30. cxd5 $18 {is more deadly.} f6 31. h6 gxh6 32. Ra6) 30... Qc7 $16 {[%emt 0:01:33] aiming for ...Nf4.} 31. cxd5 Qe7 32. Ra7 ({White should try} 32. f6 $16 gxf6 33. h6) 32... Rb7 $14 33. Rxb7 Nxb7 34. Ra7 {[%emt 0:00:02][%cal Oh5h6] h6! is the strong threat.} Rb8 35. f6 gxf6 (35... Qxf6 $2 36. Qg4 Qe7 37. Bxg5 $18 (37. Qxg5 Qxg5+ 38. Bxg5 f6 $14)) 36. Qg4 Kg7 37. Kg2 {[%emt 0:00:57][%mdl 1024] White has compensation.} Kh6 38. Qf5 Kg7 {[%emt 0:00:47] [#]} 39. Kg3 {[%emt 0:01:38] White is much more active.} ({Better is} 39. d4 $1 $16) 39... Kh6 (39... Rh8 $11 {keeps the balance.}) 40. Qf3 {[%emt 0:02:11] Really sharp!} (40. d4 $16 {Black must now prevent dxc5.} c4 41. Kg4 (41. Bxb4 exd4 42. Ba5 Kg7 $16)) 40... Kg7 $11 41. Qg4 Kh6 42. b3 Kg7 43. Kh2 Kh6 44. Kg2 Kg7 45. Kf1 Kh6 46. Ke2 Qd8 (46... Rh8 $11) 47. Qf5 $16 Qe7 {[%emt 0:00:10] Black is weak on the light squares} 48. f3 Kg7 49. Be3 Kh6 50. Ra6 Kg7 51. Ra7 Kh6 52. Qg4 Rd8 53. Qf5 {[%emt 0:00:37][%cal Oa7b7] Strongly threatening Rxb7!} Rb8 54. Ra1 Rh8 55. Bd2 Kg7 (55... Kxh5 $2 56. Rh1#) 56. Qg4 Kh6 57. Kf2 Rd8 58. Qf5 Rg8 (58... Rh8 $1 $11 {should be considered.}) 59. Ke2 (59. Ra7 $14 {was preferrable.}) 59... Rd8 60. Ra7 $36 {[%emt 0:00:22][%cal Oa7b7][%mdl 2048] Rxb7! would be deadly. Black is under pressure.} Rb8 61. Kf2 (61. d4 $5) 61... Kg7 62. Be3 $1 Kh6 ({Don't take} 62... Rh8 63. h6+ Kxh6 64. Rxb7 Qxb7 65. Qxf6+ Kh7 66. Qxd6 $14) 63. Ra6 Rd8 64. Rb6 {[%emt 0:00:42][%cal Ob6b7] White threatens Rxb7! and mate.} ({Don't play} 64. Ra7 Rb8 $14) 64... Rd7 $2 (64... Na5 $11) 65. Kg3 Qd8 (65... Kg7 $142 66. Ra6 Rd8) 66. Ra6 $18 {[%emt 0:00:16][%cal Oa6a8] And now Ra8! would win.} Qe7 {[%emt 0:00:20] [#]} 67. Ra7 $1 Kg7 68. Kh3 (68. h6+ $142 Kg8 69. Kg2) 68... Kh6 69. Kg3 (69. Kg4 $142 Rc7 70. Ra8) 69... Kg7 {[%emt 0:00:04] [#]} 70. h6+ $1 Kh8 71. Kg4 Rc7 72. Ra8+ Nd8 73. Kg3 Rd7 74. Ra1 (74. Kg2 $142 Rc7 75. f4 exf4 76. Bxf4 Kg8 77. Bc1 c4 78. bxc4 Ra7 79. Rxa7) 74... Nb7 75. h7 $2 ({White has to play} 75. Ra7 $18) 75... Qf8 $2 76. Qxd7 {[%emt 0:00:12] Weighted Error Value: White=0.17 (very precise) /Black=0.19 (very precise)} 1-0

[Event "1st Bangalore GM-Open-A 2024"]
[Site "Bangalore"]
[Date "2024.01.18"]
[Round "1.12"]
[White "Nguyen Thanh Thuy Tien"]
[Black "Mitrabha, Guha"]
[Result "0-1"]
[ECO "A11"]
[WhiteElo "2118"]
[BlackElo "2504"]
[Annotator "TA"]
[PlyCount "92"]
[EventDate "2024.01.20"]
[EventType "swiss"]
[EventCountry "IND"]
[SourceTitle "playchess.com"]
[Source "ChessBase"]
[SourceQuality "1"]
[TimeControl "5400+30"]

1. Nf3 d5 2. e3 Nf6 3. c4 e6 4. Nc3 Bd6 5. b3 c6 6. Bb2 O-O 7. Be2 e5 {[%emt 0:01:19] A11: English Opening: 1...c6.} 8. cxd5 cxd5 9. Nb5 Nc6 {[%emt 0:00:03] The position is equal.} (9... e4 $5 10. Nfd4 Be7 $11) 10. Nxd6 Qxd6 11. d4 e4 12. Ne5 Re8 {[%emt 0:00:16] [#]} 13. Rc1 $146 ({Predecessor:} 13. O-O Ne7 14. Qc1 Nf5 15. Ba3 Qb6 16. Qc5 Qxc5 17. Bxc5 Be6 18. Rfc1 Red8 19. h3 {½-½ Sylvan,J (2348)-Hector,J (2511) Copenhagen Challenge 2014 (4)}) 13... Bf5 14. Nxc6 bxc6 15. Qc2 Re6 16. Qc5 Qb8 17. Bc3 Bg4 18. Rc2 Bxe2 19. Kxe2 (19. Rxe2 $11 Ng4 20. h3) 19... a5 $1 $15 20. g3 (20. Kf1 $15) 20... Qc8 21. Kd2 a4 ({Stronger than} 21... Qa6 22. Qa3 $15) 22. bxa4 Rxa4 {[%emt 0:01:10] And now ...Nd7 would win.} ({Weaker is} 22... Qa6 23. Qb4 $15) 23. Bb4 {[%emt 0:02:00] White is weak on the light squares} Nd7 24. Qc3 Rf6 25. Kc1 Ra8 {[%emt 0:02:24] Black is more active.} 26. Qb3 h5 27. a4 $2 {[%emt 0:01:55] Now White is beyond hope.} (27. Kb2 $17) 27... Rb8 $19 28. Qa3 $2 (28. Rd1) 28... Nb6 {[%emt 0:00:03] White must now prevent ...Nc4.} 29. Be7 Re6 {[%emt 0:00:26] ...Nc4 is the strong threat.} 30. Bd6 Ra8 31. a5 Nc4 32. Rxc4 dxc4 33. Kd2 Rf6 34. Bf4 Rf5 35. Rb1 Rfxa5 36. Qxa5 Rxa5 37. Rb8 {[%emt 0:00:04] [#]} Qxb8 $1 38. Bxb8 {[%emt 0:00:04][%mdl 4096] Endgame KR-KB} Ra2+ 39. Kc3 Rxf2 40. h4 Rf3 41. Bf4 f6 {[%emt 0:00:03][%cal Of3f4] Strongly threatening ...Rxf4!} 42. Kxc4 {[%emt 0:01:32] [#]} g5 $1 {[%emt 0:01:14][%mdl 64] Deflection} 43. hxg5 (43. Bc7 gxh4) 43... fxg5 44. Bxg5 Rxg3 45. Bf4 Rf3 46. Bg5 Kf7 {[%emt 0:00:14] Weighted Error Value: White=0.96/Black=0.05 (flawless)} 0-1

[Event "1st Bangalore GM-Open-A 2024"]
[Site "Bangalore"]
[Date "2024.01.18"]
[Round "1.13"]
[White "Shyam, Sundar M."]
[Black "Sobh, Amrou"]
[Result "1/2-1/2"]
[ECO "D02"]
[WhiteElo "2497"]
[BlackElo "2117"]
[Annotator "TA"]
[PlyCount "167"]
[EventDate "2024.01.20"]
[EventType "swiss"]
[EventCountry "IND"]
[SourceTitle "playchess.com"]
[Source "ChessBase"]
[SourceQuality "1"]
[TimeControl "5400+30"]

1. d4 d5 2. Bf4 Nf6 3. e3 e6 4. Nf3 c5 5. c3 Nc6 6. Nbd2 Bd6 7. Bg3 Bxg3 8. hxg3 Qd6 9. Bb5 Bd7 {[%emt 0:00:21] D02: 1 d4 d5 2 Nf3 sidelines, including 2...Nf6 3 g3 and 2...Nf6 3 Bf4.} 10. Bxc6 Bxc6 11. Ne5 cxd4 12. exd4 Qc7 13. g4 Nd7 {[%emt 0:00:57] [#]} 14. Nxd7 $146 ({Predecessor:} 14. Ndf3 Nxe5 15. Nxe5 O-O-O 16. Qd3 {½-½ Heinzel,O (2321)-Schelvis,R (2113) Ghent Eastman op 42nd 2019 (7)}) 14... Kxd7 15. Qf3 Raf8 {[%emt 0:01:45] Black is weak on the dark squares} 16. O-O-O {[%emt 0:01:30] White is more active.} (16. g5 $14) 16... Qd8 17. Qe3 h6 $1 18. Nf3 Kc8 19. Rh5 Rhg8 20. Rdh1 Qd6 (20... Qc7 {simplifies} 21. Re1 Bb5 22. g5 hxg5 23. Nxg5 a5) 21. Qe5 (21. Re1 {simplifies} b6 22. g5 hxg5 23. Qxg5 f6 24. Qg4) 21... Kd7 (21... Qe7 {simplifies} 22. Re1 Re8 23. g5 hxg5 24. Qxg5 f6) 22. Re1 f6 23. Qe3 Re8 24. Nh4 Kc7 (24... Bb5 $5 ) 25. Ng6 Bd7 26. Rhh1 Rc8 27. g3 Rge8 28. Kb1 Kb8 29. f4 Rcd8 30. Ka1 Rc8 ({Better is} 30... Bb5 $11) 31. g5 $14 hxg5 32. fxg5 Bb5 33. Qf4 (33. g4 $14) 33... Qxf4 $11 34. Nxf4 e5 $1 35. dxe5 fxe5 36. Nxd5 Bc6 37. c4 Bxd5 38. cxd5 {[%emt 0:00:02][%mdl 4096] Endgame KRR-KRR} Rcd8 39. Rd1 Kc7 {[%emt 0:01:18][%mdl 1024] Black has compensation.} 40. Rhf1 Re7 41. Kb1 Kd6 42. g6 Rc8 43. Rf3 {[%emt 0:00:01] The position is equal.} e4 44. Rf7 Rxf7 45. gxf7 {[%emt 0:00:01] KR-KR} Rf8 46. Rf1 Kxd5 47. Kc2 Ke6 48. Rf4 Rxf7 49. Rxe4+ Kd5 50. Rg4 b6 51. Kc3 a5 52. a4 Rf3+ 53. Kc2 Rf2+ 54. Kb3 Rf3+ 55. Ka2 Rf7 56. Rg6 Kc5 57. Ka3 Re7 58. b3 Rf7 59. g4 Rd7 60. Kb2 Rf7 61. Ka3 Rd7 62. Rg5+ Kc6 63. Kb2 Rf7 64. Kc3 Rf3+ 65. Kc4 Rf4+ 66. Kd3 Rf3+ 67. Kc2 Rf2+ 68. Kc1 Rf3 69. Kb2 Rf2+ 70. Ka3 Rf7 71. Rg6+ Kc5 72. g5 Rd7 73. Kb2 Rf7 74. Kc3 Rf3+ 75. Kc2 Rf2+ 76. Kd3 Rf3+ 77. Kc2 Rf2+ 78. Kc3 Rf3+ 79. Kb2 Rf2+ 80. Ka3 Rf7 81. Re6 Rf5 82. Rg6 Rf7 83. Re6 Rf5 84. Rg6 {[%emt 0:00:02] Weighted Error Value: White=0.07 (flawless) /Black=0.07 (flawless)} 1/2-1/2

[Event "1st Bangalore GM-Open-A 2024"]
[Site "Bangalore"]
[Date "2024.01.18"]
[Round "1.14"]
[White "Gandhi, Anish"]
[Black "Savchenko, Boris"]
[Result "0-1"]
[ECO "B96"]
[WhiteElo "2117"]
[BlackElo "2489"]
[Annotator "RC"]
[PlyCount "84"]
[EventDate "2024.01.20"]
[EventType "swiss"]
[EventCountry "IND"]
[SourceTitle "playchess.com"]
[Source "ChessBase"]
[SourceQuality "1"]
[TimeControl "5400+30"]

1. e4 c5 2. Nf3 d6 3. d4 cxd4 4. Nxd4 Nf6 5. Nc3 a6 6. Bg5 e6 7. f4 h6 8. Bh4 Qb6 9. a3 Be7 10. Bf2 Qc7 11. Qf3 Nc6 12. h3 Nxd4 13. Bxd4 e5 14. Be3 exf4 15. Bxf4 Be6 16. O-O-O O-O 17. Bd3 Rae8 18. Nd5 Bxd5 19. exd5 Nd7 20. Qg3 Kh8 21. Rhe1 Ne5 22. Bxe5 dxe5 23. Kb1 Bd6 24. Qg4 g6 25. h4 Qb6 26. Ka2 h5 27. Qg5 Kg7 28. g4 Be7 29. Qc1 hxg4 30. h5 Qd6 31. hxg6 f5 32. Rh1 Qxg6 33. c4 e4 34. Be2 b6 35. Rdg1 Rh8 36. Rxh8 Rxh8 37. Qd1 Rh2 38. Bxg4 Bc5 39. d6 Bxg1 40. d7 Qf6 41. Be2 Bd4 42. Qe1 f4 0-1

[Event "1st Bangalore GM-Open-A 2024"]
[Site "Bangalore"]
[Date "2024.01.18"]
[Round "1.15"]
[White "Chanda, Sandipan"]
[Black "John Veny Akkarakaran"]
[Result "1/2-1/2"]
[ECO "E42"]
[WhiteElo "2486"]
[BlackElo "2112"]
[Annotator "RC"]
[PlyCount "104"]
[EventDate "2024.01.20"]
[EventType "swiss"]
[EventCountry "IND"]
[SourceTitle "playchess.com"]
[Source "ChessBase"]
[SourceQuality "1"]
[TimeControl "5400+30"]

1. d4 e6 2. c4 Nf6 3. Nc3 Bb4 4. e3 c5 5. Nge2 d5 6. a3 Ba5 7. dxc5 dxc4 8. Qxd8+ Bxd8 9. Ng3 Nbd7 10. Bxc4 Nxc5 11. Bd2 Bd7 12. b4 Na4 13. Nxa4 Bxa4 14. Ke2 Rc8 15. Bd3 a6 16. Rac1 Rxc1 17. Rxc1 Kd7 18. f4 h6 19. e4 Be7 20. e5 Nd5 21. Ne4 Bb5 22. g3 g6 23. Be3 h5 24. Kd2 Bxd3 25. Kxd3 b6 26. Nd2 Rc8 27. Rxc8 Kxc8 28. Nb3 Kb7 29. Bd2 a5 30. Kc4 axb4 31. axb4 Bf8 32. Nd4 Ne7 33. b5 Nf5 34. Nf3 Be7 35. Bb4 Bd8 36. Kd3 Kc7 37. Ke2 Kd7 38. Kf2 Ne7 39. Bxe7 Bxe7 40. Ke3 Bc5+ 41. Kd3 Ke8 42. Ng5 Be7 43. Nh7 Kd7 44. Ke4 Ke8 45. h3 Bd8 46. g4 hxg4 47. hxg4 Bh4 48. f5 exf5+ 49. gxf5 gxf5+ 50. Kxf5 Ke7 51. Kg4 Ke6 52. Kxh4 Kxe5 1/2-1/2

[Event "1st Bangalore GM-Open-A 2024"]
[Site "Bangalore"]
[Date "2024.01.18"]
[Round "1.16"]
[White "Vijayakumar, Rishi"]
[Black "Srihari L R"]
[Result "1/2-1/2"]
[ECO "A41"]
[WhiteElo "2104"]
[BlackElo "2469"]
[Annotator "RC"]
[PlyCount "101"]
[EventDate "2024.01.20"]
[EventType "swiss"]
[EventCountry "IND"]
[SourceTitle "playchess.com"]
[Source "ChessBase"]
[SourceQuality "1"]
[TimeControl "5400+30"]

1. d4 d6 2. Nf3 g6 3. c4 Bg7 4. Nc3 Bg4 5. h3 Bxf3 6. gxf3 Nd7 7. f4 Ngf6 8. Be3 O-O 9. Qd2 e5 10. Bg2 Nh5 11. fxe5 dxe5 12. Bg5 Qb8 13. Bf3 exd4 14. Nd5 Nhf6 15. Nxf6+ Bxf6 16. Bxf6 Nxf6 17. Qxd4 Qd8 18. O-O-O Qxd4 19. Rxd4 c6 20. Rhd1 Rfe8 21. b3 Kg7 22. Rf4 Rad8 23. Rfd4 Rxd4 24. Rxd4 g5 25. b4 h5 26. Kd2 Kg6 27. e3 Kf5 28. Bd1 g4 29. Rf4+ Kg5 30. h4+ Kg6 31. Bc2+ Kg7 32. Rf5 Re6 33. Ke2 Kf8 34. a3 Kg7 35. Rg5+ Kf8 36. Rf5 Kg7 37. Rg5+ Kh6 38. Rf5 b6 39. Bd3 Kg7 40. Rg5+ Kf8 41. Rf5 c5 42. bxc5 bxc5 43. Rxc5 Ra6 44. Rf5 Ke7 45. Re5+ Kd7 46. c5 Rxa3 47. Bb5+ Kd8 48. Bc4 g3 49. fxg3 Ng4 50. Rxh5 Rxe3+ 51. Kd2 1/2-1/2

[Event "1st Bangalore GM-Open-A 2024"]
[Site "Bangalore"]
[Date "2024.01.18"]
[Round "1.17"]
[White "Muthaiah AL"]
[Black "Luong Phuong Hanh"]
[Result "0-1"]
[ECO "A16"]
[WhiteElo "2464"]
[BlackElo "2102"]
[Annotator "RC"]
[PlyCount "62"]
[EventDate "2024.01.20"]
[EventType "swiss"]
[EventCountry "IND"]
[SourceTitle "playchess.com"]
[Source "ChessBase"]
[SourceQuality "1"]
[TimeControl "5400+30"]

1. c4 Nf6 2. Nc3 d5 3. cxd5 Nxd5 4. g3 g6 5. Bg2 Nb6 6. h4 h6 7. d3 Bg7 8. Be3 Nc6 9. Nf3 Nd5 10. Nxd5 Qxd5 11. O-O Qb5 12. Rb1 Be6 13. b3 Rd8 14. Qd2 Qh5 15. Rfc1 g5 16. Rc5 Rd5 17. Rbc1 Bf6 18. Nh2 Rxc5 19. Rxc5 Nd4 20. Qb4 Nxe2+ 21. Kh1 b6 22. Bf3 Qg6 23. Be4 Qh5 24. Bf3 Qg6 25. Be4 Qh5 26. Rxc7 gxh4 27. Bf3 Qe5 28. Bc6+ Kf8 29. Rxa7 Qa1+ 30. Kg2 h3+ 31. Kf3 Ng1+ 0-1

[Event "1st Bangalore GM-Open-A 2024"]
[Site "Bangalore"]
[Date "2024.01.18"]
[Round "1.18"]
[White "Deodhar, Vrushali Umesh"]
[Black "Stany, G.A."]
[Result "0-1"]
[ECO "E14"]
[WhiteElo "2100"]
[BlackElo "2459"]
[Annotator "RC"]
[PlyCount "106"]
[EventDate "2024.01.20"]
[EventType "swiss"]
[EventCountry "IND"]
[SourceTitle "playchess.com"]
[Source "ChessBase"]
[SourceQuality "1"]
[TimeControl "5400+30"]

1. c4 b6 2. Nc3 Bb7 3. d4 e6 4. a3 Nf6 5. Nf3 d5 6. e3 Nbd7 7. cxd5 exd5 8. Bd3 Bd6 9. O-O a6 10. b4 O-O 11. Qc2 Re8 12. b5 Bf8 13. Bb2 axb5 14. Nxb5 c6 15. Nc3 Ba6 16. Bxa6 Rxa6 17. Ne2 Qa8 18. Nf4 Bd6 19. Rfc1 c5 20. dxc5 bxc5 21. Ne2 Bf8 22. Rd1 Ne4 23. Nc3 Nxc3 24. Qxc3 Nb6 25. Qd3 h6 26. Rab1 Nc4 27. Bc1 Rd8 28. Ra1 Be7 29. Ra2 Bf6 30. h3 Nd6 31. Qc2 Ne4 32. Bb2 Bxb2 33. Qxb2 c4 34. Nd4 Rb8 35. Qc1 Rab6 36. Qa1 Qa5 37. Rc2 Rf6 38. f3 Nc5 39. Ne2 Nd3 40. Qd4 Qxa3 41. Qxd5 Nb4 42. Qe5 Nxc2 43. Qxb8+ Kh7 44. Qb1 Qxe3+ 45. Kf1 Qb3 46. Qxb3 cxb3 47. Rb1 Rb6 48. Nc1 b2 49. Nd3 Ne3+ 50. Kf2 Nc4 51. Ke2 Re6+ 52. Kd1 Rd6 53. Ke2 Ra6 0-1

[Event "1st Bangalore GM-Open-A 2024"]
[Site "Bangalore"]
[Date "2024.01.18"]
[Round "1.19"]
[White "Fedorov, Alexei"]
[Black "Nagare Kaivalya Sandip"]
[Result "1-0"]
[ECO "C55"]
[WhiteElo "2457"]
[BlackElo "2095"]
[Annotator "RC"]
[PlyCount "85"]
[EventDate "2024.01.20"]
[EventType "swiss"]
[EventCountry "IND"]
[SourceTitle "playchess.com"]
[Source "ChessBase"]
[SourceQuality "1"]
[TimeControl "5400+30"]

1. e4 e5 2. Nf3 Nc6 3. Bc4 Nf6 4. d3 Be7 5. O-O O-O 6. Re1 d6 7. a3 h6 8. Nbd2 Be6 9. c3 Qd7 10. h3 Rad8 11. Bxe6 Qxe6 12. d4 exd4 13. cxd4 d5 14. e5 Ne4 15. Qb3 Na5 16. Qd3 Nxd2 17. Bxd2 Nc4 18. Bc3 b5 19. Rec1 c6 20. b3 Nb6 21. Bb4 Rc8 22. Qc3 Rfe8 23. Bxe7 Qxe7 24. Qa5 Qc7 25. Ne1 Nd7 26. Qxc7 Rxc7 27. Nd3 a5 28. f4 a4 29. bxa4 bxa4 30. Rab1 Rec8 31. Nc5 Nf8 32. f5 Ra7 33. Rb6 Ra5 34. Nd3 g6 35. g4 Nh7 36. Rbxc6 Rxc6 37. Rxc6 Ng5 38. Kg2 Ne4 39. Rc8+ Kh7 40. Rc7 Kg8 41. Nb4 Nd2 42. e6 fxe6 43. fxe6 1-0

[Event "1st Bangalore GM-Open-A 2024"]
[Site "Bangalore"]
[Date "2024.01.18"]
[Round "1.20"]
[White "Muhammed, Shuaau"]
[Black "Neelash Saha"]
[Result "0-1"]
[ECO "B51"]
[WhiteElo "2093"]
[BlackElo "2446"]
[Annotator "RC"]
[PlyCount "156"]
[EventDate "2024.01.20"]
[EventType "swiss"]
[EventCountry "IND"]
[SourceTitle "playchess.com"]
[Source "ChessBase"]
[SourceQuality "1"]
[TimeControl "5400+30"]

1. e4 c5 2. Nf3 d6 3. Bb5+ Nd7 4. c4 Ngf6 5. Nc3 e6 6. O-O Be7 7. d3 O-O 8. h3 Nb6 9. Na4 Nfd7 10. Bd2 a6 11. Bxd7 Nxd7 12. Nc3 b6 13. a3 Bb7 14. b4 f5 15. Qe2 fxe4 16. dxe4 Bf6 17. Rac1 Qe8 18. Bg5 Bd4 19. Rfd1 Qg6 20. Be7 Rf7 21. Bxd6 e5 22. bxc5 bxc5 23. Bc7 Rc8 24. Ba5 Rcf8 25. Nxd4 Rxf2 26. Qg4 exd4 27. Qxg6 hxg6 28. Nd5 Ra2 29. Ra1 Rff2 30. Rxa2 Rxa2 31. Bc7 Re2 32. Rb1 Ba8 33. Kf1 Rxe4 34. Nb6 Nxb6 35. Rxb6 d3 36. Rxa6 d2 37. Rxa8+ Kf7 38. Rd8 Re1+ 39. Kf2 d1=Q 40. Rxd1 Rxd1 41. Bb6 Rd2+ 42. Kg1 Rc2 43. Bxc5 Rxc4 44. Bb4 g5 45. Kf2 g4 46. hxg4 Rxg4 47. Kf3 Rc4 48. g3 Ke6 49. Bf8 Rc7 50. Bb4 Kf5 51. Bd2 Rc4 52. Bb4 Rd4 53. Ke3 Re4+ 54. Kf3 g5 55. Bd2 g4+ 56. Kf2 Ke5 57. Be3 Ra4 58. Bc5 Rc4 59. Bb4 Re4 60. Bc3+ Kd5 61. Be1 Kc5 62. Kf1 Kb5 63. Kf2 Ka4 64. Bb4 Kb3 65. Kf1 Kc2 66. Kf2 Kd3 67. Bd6 Re2+ 68. Kf1 Ra2 69. Kg1 Ke3 70. Kf1 Kf3 71. Kg1 Rd2 72. Bc7 Rd7 73. Be5 Rd3 74. a4 Ra3 75. a5 Rxa5 76. Bc3 Rc5 77. Be1 Rc2 78. Kh1 Re2 0-1

[Event "1st Bangalore GM-Open-A 2024"]
[Site "Bangalore"]
[Date "2024.01.18"]
[Round "1.21"]
[White "Shyaamnikhil P"]
[Black "Makhija, Aashna"]
[Result "1-0"]
[ECO "C68"]
[WhiteElo "2443"]
[BlackElo "2093"]
[Annotator "RC"]
[PlyCount "79"]
[EventDate "2024.01.20"]
[EventType "swiss"]
[EventCountry "IND"]
[SourceTitle "playchess.com"]
[Source "ChessBase"]
[SourceQuality "1"]
[TimeControl "5400+30"]

1. e4 e5 2. Nf3 Nc6 3. Bb5 a6 4. Bxc6 dxc6 5. d4 exd4 6. Qxd4 Qxd4 7. Nxd4 Bd7 8. Nc3 O-O-O 9. Bg5 f6 10. Be3 Bb4 11. Nde2 Ne7 12. a3 Bd6 13. O-O-O Be6 14. Nf4 Bf7 15. Nd3 Ng6 16. f4 Rhe8 17. g3 b6 18. Rd2 h5 19. Rhd1 c5 20. Nf2 h4 21. b3 Rh8 22. Kb2 hxg3 23. hxg3 Rh2 24. Ng4 Rh3 25. Bf2 Re8 26. Re1 Rh5 27. Ne3 Ne7 28. Red1 g5 29. Rxd6 cxd6 30. Rxd6 gxf4 31. gxf4 f5 32. Rxb6 Rh2 33. Ned1 Kc7 34. Bxc5 fxe4 35. Rf6 Bg8 36. Ne3 a5 37. Nb5+ Kd7 38. Rd6+ Kc8 39. Ra6 Kb8 40. Rb6+ 1-0

[Event "1st Bangalore GM-Open-A 2024"]
[Site "Bangalore"]
[Date "2024.01.18"]
[Round "1.22"]
[White "Dhyey Agarwal"]
[Black "Sammed Jaykumar, Shete"]
[Result "0-1"]
[ECO "A28"]
[WhiteElo "2087"]
[BlackElo "2441"]
[Annotator "RC"]
[PlyCount "56"]
[EventDate "2024.01.20"]
[EventType "swiss"]
[EventCountry "IND"]
[SourceTitle "playchess.com"]
[Source "ChessBase"]
[SourceQuality "1"]
[TimeControl "5400+30"]

1. c4 e5 2. Nc3 Nf6 3. Nf3 Nc6 4. e3 d6 5. d4 Bd7 6. d5 Ne7 7. e4 g6 8. c5 Bg7 9. Qb3 O-O 10. Qxb7 dxc5 11. Be3 Rb8 12. Qxa7 Rxb2 13. Qa3 Qb8 14. Bxc5 Nxe4 15. Nxe4 Rb1+ 16. Kd2 Rxa1 17. Bxe7 Qb1 18. Bc4 Qxh1 19. Bxf8 Qd1+ 20. Ke3 Bxf8 21. Qa8 Bf5 22. d6 Bxe4 23. Kxe4 Qc2+ 24. Bd3 f5+ 25. Ke3 Qc5+ 26. Ke2 e4 27. Ng5 exd3+ 28. Kf3 Qxd6 0-1